Map: Oxide LE

Players

Consultant

  • Race: Terran Terran
  • League: Platinum

blcyber - Winner!

  • Race: Zerg Zerg
  • League: Gold

VOD

Have the link to the VOD?

Description

Time

  • Played on: June 21, 2021, 7:33 p.m.
  • Length: 14:51
Show
View Real Time Build Order
Export as new Build Order

Consultant Terran 

Build Orders: Gas First Reaper Expand 

Get SALT Encoding   

  12  0:00  SCV  
  13  0:12  SCV  
  14  0:18  Supply Depot  
  14  0:24  SCV  
  15  0:30  Refinery  
  15  0:40  SCV  
  16  0:45  Barracks  
  16  0:52  SCV  
  17  1:04  SCV  
  18  1:16  SCV  
  19  1:32  Orbital Command  
  19  1:35  Reaper  
  20  1:50  Command Center  
  20  1:59  Factory  
  20  2:03  SCV  
  21  2:15  SCV  
  22  2:16  Barracks Tech Lab  
  22  2:18  Supply Depot  
  22  2:26  Refinery  
  22  2:27  SCV  
  23  2:40  SCV, Marine  
  25  2:52  SCV  
  25  2:54  Starport  
  25  3:13  Orbital Command  
  25  3:14  Barracks Reactor  
  25  3:18  SCV  
  26  3:24  Bunker  
  26  3:30  SCV  
  26  3:32  Siege Tank  
  30  3:42  SCV, Viking  
  33  3:50  Marine x2  
  33  3:53  Supply Depot  
  35  4:02  Supply Depot  
  35  4:04  SCV x2  
  37  4:11  Barracks  
  37  4:15  Barracks  
  37  4:16  SCV x2  
  39  4:28  SCV x2  
  41  4:40  SCV x2  
  41  4:43  Siege Tank  
  41  4:45  Barracks Reactor  
  46  4:52  Supply Depot  
  46  4:53  SCV x2  
  46  4:58  Medivac x2  
  52  5:04  Barracks Reactor  
  52  5:05  SCV x2  
  52  5:06  Barracks Tech Lab  
  54  5:15  Engineering Bay  
  54  5:17  SCV x2  
  54  5:19  Engineering Bay  
  56  5:22  Refinery  
  56  5:23  Marine, Refinery  
  56  5:24  Marine  
  56  5:28  Siege Tank  
  61  5:29  SCV x2  
  61  5:30  Marine  
  64  5:47  SCV x2  
  64  5:48  Marine  
  67  5:54  Command Center  
  67  5:59  SCV x2  
  69  6:09  Terran Infantry Weapons Level 1  
  69  6:11  SCV  
  70  6:18  SCV  
  70  6:35  Stimpack  
  70  6:54  Terran Infantry Armor Level 1  
  70  7:04  Supply Depot x2  
  70  7:05  Supply Depot, Marine x4  
  70  7:06  Siege Tank, Medivac, SCV x2, Marauder  
  83  7:08  Supply Depot  
  83  7:18  SCV x2  
  85  7:23  Marine x4  
  85  7:27  Marauder  
  91  7:30  SCV x2  
  91  7:36  Medivac  
  95  7:38  Siege Tank  
  95  7:41  Marine x4  
  95  7:42  SCV x2  
  104  7:49  Marauder  
  106  7:54  SCV x2  
  93  8:06  SCV x2  
  93  8:10  Siege Tank, Marauder  
  95  8:27  Orbital Command  
  95  8:30  SCV x2  
  97  8:40  Marauder, Marine  
  97  8:41  Marine x3  
  100  8:42  Siege Tank, SCV x2  
  100  8:43  Medivac  
  100  8:44  Medivac  
  112  8:52  Armory  
  112  8:54  SCV  
  112  8:55  SCV  
  114  8:57  Barracks  
  114  8:58  Barracks, Marine  
  114  8:59  Marine x3  
  114  9:00  Combat Shield  
  114  9:01  Marine  
  119  9:06  SCV  
  119  9:07  SCV  
  121  9:13  Medivac  
  121  9:14  Siege Tank, Medivac  
  121  9:16  Marine  
  121  9:17  Marine x3  
  129  9:18  SCV  
  133  9:31  Command Center  
  133  9:35  Supply Depot x2, Command Center  
  133  9:36  Supply Depot  
  133  9:37  Supply Depot  
  133  9:39  Supply Depot  
  133  9:40  Supply Depot  
  133  9:41  Supply Depot  
  133  9:46  Supply Depot  
  133  9:50  Missile Turret  
  133  9:52  Missile Turret x2  
  133  9:53  Missile Turret  
  133  9:54  Missile Turret  
  133  9:55  Missile Turret  
  133  9:56  Medivac, SCV, Marine x5  
  133  9:57  Siege Tank, Refinery  
  133  9:59  Refinery  
  144  10:08  Command Center  
  144  10:12  Missile Turret  
  144  10:14  Marine x5  
  144  10:15  Terran Infantry Weapons Level 2  
  144  10:16  Terran Infantry Armor Level 2  
  144  10:18  Terran Vehicle Weapons Level 1  
  144  10:20  Barracks Reactor x2  
  149  10:26  Medivac x2  
  153  10:29  Siege Tank, Refinery  
  153  10:31  Refinery  
  153  10:32  Marine x5  
  129  10:50  Marauder, Marine  
  129  10:53  Marine x3  
  112  10:57  Marine  
  112  10:58  Marine x3  
  116  11:07  Marine  
  116  11:08  Missile Turret  
  116  11:10  Marine  
  118  11:11  Marine x3  
  118  11:12  Missile Turret  
  121  11:19  Barracks  
  121  11:21  Marine x3  
  121  11:22  Barracks, Marine  
  121  11:24  Siege Tank  
  128  11:25  Marine  
  128  11:28  Marine  
  128  11:29  Marine x3  
  128  11:31  Planetary Fortress  
  133  11:34  Planetary Fortress  
  133  11:37  Orbital Command  
  133  11:38  Marine  
  134  11:43  Marine  
  134  11:46  Marine  
  134  11:47  Marine x2  
  138  11:57  Siege Tank  
  135  12:29  Siege Tank  
  84  12:32  Marine x8  
  84  12:33  Marine  
  84  12:36  Medivac x2  
  86  12:47  Supply Depot  
  86  12:49  Supply Depot x2, Barracks Reactor  
  86  12:50  Barracks Tech Lab, Marine x9  
  87  12:52  Supply Depot  
  87  12:55  Supply Depot  
  87  13:01  Siege Tank  
  90  13:06  Medivac x2  
  90  13:07  Marine  
  90  13:08  Marine x8  
  103  13:25  Marine  
  103  13:27  Marauder  
  103  13:33  Siege Tank  
  94  13:36  Medivac x2  
  95  13:48  Marauder  
  72  14:01  Marine  
  72  14:02  Marine x10  
  78  14:05  Siege Tank  
  78  14:06  Medivac  
  78  14:09  Marauder  
  68  14:19  Marine x6  
  68  14:20  Marine x5  
  67  14:30  Marine  
Show
View Real Time Build Order
Export as new Build Order

blcyber Zerg - Winner!

Build Orders: Hatch First 

Get SALT Encoding   

  12  0:01  Drone  
  13  0:14  Overlord  
  13  0:23  Drone  
  14  0:38  Drone  
  14  0:39  Drone x2  
  17  0:59  Drone  
  17  1:01  Hatchery  
  17  1:02  Drone  
  18  1:13  Extractor  
  18  1:18  Spawning Pool  
  16  1:19  Drone  
  16  1:22  Drone  
  18  1:33  Drone  
  19  1:43  Drone  
  20  1:54  Overlord  
  20  2:10  Queen  
  22  2:17  Metabolic Boost  
  22  2:21  Queen  
  24  2:33  Zergling x4  
  24  2:36  Hatchery  
  25  2:43  Overlord  
  25  2:46  Drone x4  
  29  3:04  Queen, Overlord  
  31  3:08  Drone x3  
  34  3:19  Zergling x4  
  36  3:24  Overlord  
  36  3:25  Drone x2  
  38  3:29  Drone  
  39  3:40  Drone x2  
  41  3:46  Drone  
  42  3:49  Overlord  
  42  4:00  Queen  
  44  4:10  Overlord  
  44  4:11  Queen  
  44  4:13  Drone x2  
  44  4:14  Drone x2  
  44  4:15  Drone x2  
  44  4:16  Drone x5  
  57  4:22  Spore Crawler x2  
  55  4:25  Drone x2  
  55  4:27  Drone  
  58  4:32  Overlord  
  58  4:47  Drone x5  
  58  4:50  Overlord  
  63  5:06  Spore Crawler  
  62  5:08  Drone  
  62  5:09  Extractor, Drone x2  
  62  5:13  Evolution Chamber  
  63  5:14  Evolution Chamber  
  63  5:15  Lair  
  63  5:19  Baneling Nest  
  63  5:21  Drone x5  
  63  5:26  Zergling x6  
  63  5:27  Zergling x6  
  72  5:36  Queen  
  72  5:37  Overlord  
  72  5:39  Zerg Melee Weapons Level 1  
  72  5:40  Zerg Ground Armor Level 1  
  74  6:07  Extractor  
  74  6:08  Extractor, Drone x3  
  74  6:10  Drone x3  
  78  6:18  Centrifical Hooks  
  78  6:34  Hatchery  
  77  6:40  Hatchery  
  76  6:47  Queen  
  78  6:58  Pneumatized Carapace  
  78  7:00  Overlord  
  79  7:01  Zergling x6  
  79  7:02  Zergling x4  
  79  7:06  Drone  
  79  7:07  Hydralisk Den, Drone x2  
  85  7:08  Zergling x4  
  85  7:09  Zergling x4  
  85  7:12  Extractor  
  85  7:13  Drone  
  85  7:14  Extractor  
  85  7:15  Drone  
  89  7:18  Drone  
  89  7:21  Drone  
  91  7:23  Drone x3  
  94  7:40  Grooved Spines  
  94  7:41  Zerg Melee Weapons Level 2  
  94  7:42  Zerg Ground Armor Level 2  
  94  7:49  Evolution Chamber  
  86  8:04  Zergling x16  
  86  8:05  Hydralisk x2, Zergling x14  
  89  8:06  Hydralisk x6  
  105  8:40  Queen  
  105  8:41  Drone x2  
  109  8:42  Overlord  
  109  8:43  Overlord x5  
  109  8:51  Muscular Augments  
  109  9:03  Zerg Missile Weapons Level 1  
  109  9:04  Infestation Pit  
  109  9:05  Drone x7  
  109  9:06  Drone x4  
  109  9:07  Drone x3  
  122  9:32  Overlord  
  122  9:33  Overlord x3  
  122  9:41  Hive  
  122  9:43  Hatchery  
  122  9:44  Lurker Den  
  120  10:00  Hydralisk x5, Swarm Host  
  120  10:01  Zergling x4  
  120  10:02  Zergling x8  
  120  10:03  Zergling x8  
  120  10:05  Baneling  
  120  10:06  Baneling x5  
  142  10:12  Extractor, Drone x4  
  142  10:13  Extractor  
  142  10:14  Drone x3  
  147  10:15  Zergling x10  
  152  10:25  Zergling x8  
  152  10:26  Overlord  
  152  10:27  Overlord  
  156  10:32  Hydralisk x2  
  156  10:34  Hydralisk x2  
  129  10:57  Hydralisk x3  
  129  10:58  Hydralisk  
  129  10:59  Zergling x14  
  129  11:00  Zergling x12  
  150  11:11  Zergling x10  
  152  11:16  Queen  
  152  11:17  Drone  
  152  11:18  Drone x3  
  161  11:30  Hydralisk  
  161  11:31  Zergling x12  
  161  11:32  Zergling x6  
  172  11:43  Hatchery  
  172  11:44  Baneling x6  
  172  11:45  Baneling x5  
  172  11:46  Zergling x10  
  172  11:47  Zergling x12  
  178  11:48  Hydralisk  
  178  11:53  Adaptive Talons  
  184  11:55  Zerg Melee Weapons Level 3  
  184  11:56  Zerg Ground Armor Level 3  
  184  11:57  Zerg Missile Weapons Level 2  
  184  12:00  Hydralisk, Zergling x2  
  184  12:01  Hydralisk x2, Zergling x2  
  192  12:09  Hydralisk x3  
  192  12:10  Zergling x2  
  163  12:35  Zergling x8  
  163  12:36  Zergling x16  
  163  12:37  Zergling x10  
  168  12:46  Zergling x2  
  168  12:47  Zergling x6  
  168  12:51  Seismic Spines  
  172  12:55  Zergling x8  
  176  13:09  Adrenal Glands  
  167  13:20  Zergling x16  
  167  13:21  Zergling x12  
  175  13:44  Zergling x10  
  175  13:45  Zergling x12  
  138  14:04  Zergling x8  
  138  14:05  Zergling x8  
  139  14:22  Zergling x10  
  139  14:23  Zergling x6  
Tags
 
Add a new tag
Caveats
  • Supply blocks, unpowered buildings, or Contaminate may cause inaccurate times.
  • Supply counts are checked every 10 seconds.